 Dungeon Crawl Stone Soup version 0.26-a0-651-gb41185065b (webtiles) character file.

Game seed: 4758798161243111594

107 Flugslaktarn the Shield-Bearer (level 5, -3/41 HPs)
             Began as a Human Fighter on Oct 26, 2020.
             Slain by a gnoll
             ... wielding a +2 spear of venom
              (5 damage)
             ... on level 2 of the Dungeon.
             The game lasted 00:00:36 (1434 turns).

Flugslaktarn the Shield-Bearer (Human Fighter)      Turns: 1434, Time: 00:00:37

Health: -3/41      AC: 11    Str: 17    XL:     5   Next: 11%
Magic:  5/5        EV:  2    Int:  8    God:
Gold:   104        SH:  9    Dex: 13    Spells: 4/4 levels left

rFire    + . .     SeeInvis .   a - +0 war axe
rCold    + . .     Faith    +   c - +0 kite shield
rNeg     . . .     Spirit   .   e - +0 plate armour (curse)
rPois    +         Reflect  .   (no helmet)
rElec    +         Harm     .   (no cloak)
rCorr    +         Rampage  .   (no gloves)
MR       .....                  (no boots)
Stlth    ..........             i - amulet of faith
HPRegen  0.13/turn              (no ring)
MPRegen  0.09/turn              (no ring)

@: lethally poisoned (-3 -> -8), resistant, hasted, very quick
A: no striking features
a: no special abilities


You were on level 2 of the Dungeon.
You visited 1 branch of the dungeon, and saw 2 of its levels.

You collected 104 gold pieces.

Inventory:

Hand Weapons
 a - a +0 war axe (weapon)
Armour
 b - a +0 scale mail
 c - a +0 kite shield (worn)
 e - a cursed +0 plate armour (worn)
   (You found it on level 1 of the Dungeon)
Jewellery
 i - an amulet of faith (around neck)
   (You found it on level 1 of the Dungeon)
Scrolls
 f - 2 scrolls of identify {unknown}
 g - 2 scrolls of immolation {unknown}
 h - 5 scrolls of teleportation {unknown}
 j - a scroll of fear {unknown}
 l - a scroll of fog {unknown}
 o - a scroll of enchant armour {unknown}
Potions
 d - a potion of might
 m - a potion of heal wounds {unknown}
 n - a potion of resistance


   Skills:
 + Level 3.5 Fighting
 * Level 3.4 Axes
 + Level 3.5 Armour
 + Level 3.5 Shields


You had 4 spell levels left.
You didn't know any spells.
Your spell library was empty.

Dungeon Overview and Level Annotations

Branches:
Dungeon (2/15)

Altars:


Message History

You feel sick.
* * * LOW HITPOINT WARNING * * *
You feel sick.
* * * LOW HITPOINT WARNING * * *
You feel sick.
You see here an adder skeleton.
* * * LOW HITPOINT WARNING * * *
You feel sick.
It was a potion of resistance.
You feel protected.
n - a potion of resistance;
h - 5 scrolls labeled UTIEGULODIU
* * * LOW HITPOINT WARNING * * *
You feel sick. You block the gnoll's attack.
It was a potion of haste.
You feel yourself speed up.
* * * LOW HITPOINT WARNING * * *
You feel sick.
The gnoll hits you from afar with a +0 halberd of flaming.
* * * LOW HITPOINT WARNING * * *
The gnoll hits you from afar with a +2 spear of venom.
You die...

# #.# #.##.# #.# #.#.#
#.##.# #.# #.#.###.##.#
#.# #....##.##.# #.#
###..)..#.##.# #.###
#......)).##.########....
#.#......[(.........#.###
# #................(..# #
###.##@####(####....#
#.##g## #.# #.#..#
#..÷gg###.####....###
#.######g.##.............
#.....(...##.#...........
#.######..##....##.##.##.
#..#####.##.##.# # #>.#
#.##.#..###
#..................(.


You could see 4 gnolls.

Vanquished Creatures
  4 gnolls (D:2)
  3 adders (D:2)
  An ooze (D:1)
  2 leopard geckos
  2 bats (D:1)
  3 giant cockroaches
  2 goblins (D:1)
  5 hobgoblins (D:1)
  2 jackals (D:1)
  5 kobolds
  2 frilled lizards (D:1)
  8 rats
39 creatures vanquished.

Notes
Turn   | Place    | Note
-------+----------+-------------------------------------------
     0 | D:1      | Flugslaktarn the Human Fighter began the quest for the Orb.
     0 | D:1      | Reached XP level 1. HP: 18/18 MP: 1/1
    72 | D:1      | Reached XP level 2. HP: 15/24 MP: 2/2
   379 | D:1      | Reached XP level 3. HP: 23/29 MP: 3/3
   902 | D:2      | Reached XP level 4. HP: 29/35 MP: 4/4
  1198 | D:2      | Reached XP level 5. HP: 25/41 MP: 5/5
  1434 | D:2      | HP: 2/41 [gnoll/+0 halberd of flaming (1)]
  1434 | D:2      | Slain by a gnoll

Illustrated notes

Levels and vault maps discovered:
D:1:      dpeg_arrival_erosion, layout_basic, minmay_pentomino_x4
D:2:      layout_loops_ring, grunt_dithmenos_smoke

Skill      XL: |  1  2  3 |
---------------+----------+-----
Axes           | 3 |  3.4
Fighting       | |  3.5
Armour         | |  3.5
Shields        | |  3.5

Action                   |  1- 3 |  4- 6 || total
-------------------------+-------+-------++-------
Melee: War axe           |    91 |    25 ||   116
  Use: Potion            |       |     2 ||     2
Armor: Scale mail        |     8 |       ||     8
       Plate armour      |    61 |    35 ||    96
Dodge: Dodged            |    22 |     3 ||    25
Block: Kite shield       |    43 |    20 ||    63

Table legend: (Time is in decaauts)
 A = Elapsed time spent in this place.
 B = Non-inter-level travel time spent in this place.
 C = Inter-level travel time spent in this place.
 D = Time resting spent in this place.
 E = Time spent auto-exploring this place.
 F = Levels seen in this place.
 G = Mean time per level.
                   A        B        C        D        E       F      G
               +--------+--------+--------+--------+--------+-----+--------+
         Total |   1484 |   1463 |     21 |      0 |   1185 |   2 |  742.0 |
       Dungeon |   1484 |   1463 |     21 |      0 |   1185 |   2 |  742.0 |
               +--------+--------+--------+--------+--------+-----+--------+

Top non-repeatable levels by time:
     D:2: 765 daAuts
     D:1: 719 daAuts
